 Dungeon Crawl Stone Soup version 0.28-a0-230-g086cc6695f (webtiles) character file.

Game seed: 8323108017747331929

9860 Conn the Arsonist (level 11, -6/66 HPs)
             Began as an Octopode Fire Elementalist on Aug 22, 2021.
             Was a Priest of Sif Muna.
             Mangled by a skeletal warrior (10 damage)
             ... led by a skeletal warrior
             ... on level 10 of the Dungeon.
             The game lasted 00:37:19 (12191 turns).

Conn the Arsonist (Octopode Fire Elementalist)     Turns: 12191, Time: 00:37:19

Health: -6/66      AC:  1    Str:  7    XL:     11   Next: 53%
Magic:  2/23       EV: 14    Int: 21    God:    Sif Muna [***...]
Gold:   594        SH:  5    Dex: 13    Spells: 11/27 levels left

rFire   + . .      SeeInvis .   w - +7 dagger (flame)
rCold   . . .      Faith    .   (no shield)
rNeg    . . .      Spirit   .   (helmet restricted)
rPois   .          Reflect  +   k - amulet of reflection
rElec   .          Harm     .   f - ring of flight
rCorr   .          Rampage  .   g - ring of fire
Will    .....                   (no ring)
Stlth   ++++......              x - ring of protection from cold
HPRegen 0.21/turn               (no ring)
MPRegen 0.18/turn               (no ring)
                                (no ring)
                                (no ring)

@: attractive, flying
A: almost no armour, amphibious, 8 rings, camouflage 1, gelatinous body 1,
(nimble swimmer 1), tentacles
a: Renounce Religion, Channel Magic, Forget Spell


You were on level 10 of the Dungeon.
You worshipped Sif Muna.
Sif Muna was most pleased with you.
You visited 2 branches of the dungeon, and saw 11 of its levels.

You collected 594 gold pieces.

Inventory:

Hand Weapons
 a - a +0 dagger
 w - a +7 dagger of flaming (weapon)
Missiles
 z - 3 atropa-tipped darts
 J - a throwing net
Armour
 d - a +1 kite shield of poison resistance
 l - a +1 buckler
Jewellery
 f - a ring of flight (left tentacle)
 g - a ring of fire (right tentacle)
 k - an amulet of reflection (around mantle)
 s - a ring of ice
 x - a ring of protection from cold (on tentacle)
Wands
 p - a wand of iceblast (3)
 t - a wand of digging (4)
 C - a wand of mindburst (12)
 F - a wand of flame (18)
 H - a wand of acid (7)
Scrolls
 c - 2 scrolls of teleportation
 e - 2 scrolls of magic mapping
 i - a scroll of immolation {unknown}
 v - a scroll of summoning {unknown}
 y - a scroll of noise {unknown}
 G - a scroll of fear {unknown}
Potions
 j - a potion of berserk rage
 m - 2 potions of lignification
 n - a potion of might
 A - 2 potions of curing
 B - 2 potions of resistance
 D - a potion of cancellation {unknown}
 E - a potion of haste {unknown}
 I - a potion of magic {unknown}


   Skills:
 + Level 2.7 Fighting
 + Level 4.4 Short Blades
 + Level 4.4 Dodging
 + Level 6.5 Stealth
 + Level 3.0 Shields
 + Level 0.1 Unarmed Combat
 + Level 8.5 Spellcasting
 + Level 7.9 Conjurations
 + Level 3.6 Hexes
 + Level 9.5 Fire Magic
 + Level 1.4 Evocations


You had 11 spell levels left.
You knew the following spells:

 Your Spells              Type           Power      Damage    Failure   Level
a - Foxfire               Conj/Fire      100%       2x1d9     1%          1
b - Conjure Flame         Conj/Fire      62%        6-21      1%          3
c - Inner Flame           Hex/Fire       53%        N/A       1%          3
d - Sticky Flame          Conj/Fire      62%        2d8       1%          4
e - Fireball              Conj/Fire      31%        3d13      6%          5

Your spell library contained the following spells:

 Spells                   Type           Power      Damage    Failure   Level
 Sandblast                Erth           16%        2d6       8%          1
 Passwall                 Tmut/Erth      6%         N/A       12%         2
 Alistair's Intoxication  Tmut/Pois      5%         N/A       91%         5
 Borgnjor's Vile Clutch   Necr/Erth      4%         N/A       91%         5
 Lee's Rapid Deconstruct  Erth           4%         3d6*      91%         5
 Eringya's Noxious Bog    Tmut/Pois      4%         N/A       100%        6


Dungeon Overview and Level Annotations

Branches:
Dungeon (10/15)            Temple (1/1) D:7            Lair (0/6) D:10
    Orc: D:9-12

Altars:
Ashenzari
Dithmenos
Elyvilon
Gozag
Okawaru
Qazlal
Ru
Sif Muna
Trog
Uskayaw
Vehumet
Xom

Shops:
D:3 (   D:6 (   D:10 *


Innate Abilities, Weirdness & Mutations

You cannot wear most types of armour.
You are amphibious.
You can wear up to eight rings at the same time.
Your skin changes colour to match your surroundings (Stealth+).
Your rubbery body absorbs attacks. (AC +1, EV +1)
((You are camouflaged near water. (Stealth+)))
You have tentacles for arms and can constrict up to eight enemies at once.


Message History

The basilisk is engulfed in blazing flames.
Flame seeps out of the basilisk.
The basilisk misses you.
The skeletal warrior hits you from afar with a +0 trident!!
The skeletal warrior is attracted toward you.
The basilisk burns!
Flame seeps out of the basilisk.
The basilisk is engulfed in blazing flames.
Flame seeps out of the basilisk.
The skeletal warrior is attracted toward you. x3
The basilisk burns!
Flame seeps out of the basilisk.
The skeletal warrior is engulfed in blazing flames. x2
The basilisk is attracted toward you.
The skeletal warrior is attracted toward you. x2
The basilisk burns!
Sif Muna accepts your kill.
The basilisk explodes!
The fiery explosion engulfs the skeletal warrior!!
The skeletal warrior is heavily damaged.
The fiery explosion engulfs the skeletal warrior!!
The skeletal warrior is severely damaged.
The skeletal warrior is engulfed in blazing flames. x3
The skeletal warrior is attracted toward you. x2
Unknown command.
Unknown command.
Unknown command.
The skeletal warrior is engulfed in blazing flames. x2
The skeletal warrior closely misses you.
The skeletal warrior is engulfed in blazing flames.
The skeletal warrior is attracted toward you. x2
Unknown command.
The skeletal warrior barely misses you.
The skeletal warrior is engulfed in blazing flames.
The skeletal warrior is attracted toward you. x2
Okay, then.
You block the skeletal warrior's attack.
The skeletal warrior is attracted toward you. x2
The skeletal warrior hits you from afar with a +0 trident!!
* * * LOW HITPOINT WARNING * * *
The skeletal warrior is attracted toward you. x2
The skeletal warrior hits you from afar with a +0 trident!
You die...

* #.# #.# #..#
#.#.. * #.#
#.#######..# #...∩
* *,*
#..........###)#..
* *,*
#...............#.
* *,*
#.######..........
* *,* #.#
#.......... ** *,*
#.# #...#####.. ,*
*,* #.# #..)# #..
,****,* #@# #...#
#.. ,..**,* #.#
#...# #.. ,....,*
#z# #...# #.<
,.....##########z#
#...# #..
,........)....§§z#
#...# #..
,.........)....§.#
#...# #..
.....§##########.#
#...# #.. ..§...#
#.# #...# #..
......# #.# #...#
#..


You could see 3 skeletal warriors.

Vanquished Creatures
  Fannar (D:10)
  A two-headed ogre (D:10)
  A skeletal warrior (D:10)
  Maggie (D:8)
  A hornet (D:10)
  2 basilisks (D:10)
  4 wyverns
  20 yaks
  An acid dragon (D:10)
  5 water moccasins
  A black bear (D:4)
  3 orc warriors
  2 ice beasts
  3 ogres
  2 necrophages
  2 centaurs
  A phantom (D:7)
  A kobold brigand (D:8)
  2 bullfrogs (D:9)
  A wyvern zombie (D:6)
  2 scorpions
  A wyvern skeleton (D:7)
  A water moccasin skeleton (D:4)
  7 killer bees
  5 wights (D:8)
  A howler monkey (D:8)
  A jelly (D:6)
  2 centaur skeletons
  A hound (D:5)
  8 orc priests
  Jessica (D:3)
  A bullfrog skeleton (D:6)
  A gnoll shaman (D:7)
  An iguana (D:6)
  6 orc wizards
  2 hound skeletons
  4 adders
  5 gnolls (D:7)
  A shadow imp (D:4)
  An adder skeleton (D:5)
  A worm (D:3)
  3 dart slugs
  21 orcs
  2 bats (D:1)
  7 endoplasms
  6 goblins
  8 hobgoblins
  4 jackals
  6 quokkas
  11 ball pythons
  4 frilled lizards
  10 kobolds
  4 rats
194 creatures vanquished.

Vanquished Creatures (collateral kills)
  6 foxfires
6 creatures vanquished.

Vanquished Creatures (others)
  5 bushes (D:10)
  3 demonic plants (D:3)
  560 foxfires
  4 fungi
  36 plants
  A withered plant (D:3)
609 creatures vanquished.

Grand Total: 809 creatures vanquished

Notes
Turn   | Place    | Note
-------+----------+-------------------------------------------
     0 | D:1      | Conn the Octopode Fire Elementalist began the quest for the
                  | Orb.
     0 | D:1      | Reached XP level 1. HP: 11/11 MP: 3/3
   216 | D:1      | Reached XP level 2. HP: 13/17 MP: 0/5
  1277 | D:2      | Reached XP level 3. HP: 21/21 MP: 6/6
  1281 | D:2      | Learned a level 3 spell: Conjure Flame
  2230 | D:3      | Noticed a scorpion
  2237 | D:3      | Killed a scorpion
  2238 | D:3      | Reached XP level 4. HP: 19/27 MP: 2/8
  2441 | D:3      | Noticed an ice beast
  2692 | D:4      | Noticed an ogre
  2696 | D:5      | Entered Level 5 of the Dungeon
  2777 | D:4      | Noticed a yak
  2777 | D:4      | Noticed an ogre
  2777 | D:4      | Noticed a yak
  2777 | D:4      | Noticed a yak
  2778 | D:4      | Noticed a yak
  2857 | D:5      | Reached XP level 5. HP: 31/31 MP: 5/9
  3071 | D:5      | Noticed a necrophage
  3083 | D:5      | Killed a necrophage
  3084 | D:5      | Reached skill level 1 in Short Blades
  3195 | D:5      | Noticed a centaur
  3197 | D:5      | Killed a centaur
  3198 | D:5      | Reached skill level 4 in Fire Magic
  3198 | D:5      | Reached XP level 6. HP: 37/37 MP: 9/11
  3353 | D:5      | You are sucked into a shaft and drop 3 floors!
  3473 | D:8      | Noticed an orc warrior
  3545 | D:8      | Killed an orc warrior
  3566 | D:8      | Reached skill level 1 in Fighting
  3566 | D:8      | Reached XP level 7. HP: 29/43 MP: 1/12
  3642 | D:8      | Reached skill level 5 in Stealth
  3846 | D:7      | Found a staircase to the Ecumenical Temple.
  3854 | Temple   | Entered the Ecumenical Temple
  3868 | Temple   | Became a worshipper of Sif Muna the Loreminder
  3873 | Temple   | Learned a level 3 spell: Inner Flame
  3878 | Temple   | Learned a level 4 spell: Sticky Flame
  3967 | D:7      | Reached skill level 1 in Shields
  4310 | D:7      | Reached XP level 8. HP: 46/48 MP: 4/14
  4708 | D:6      | Reached skill level 1 in Evocations
  5010 | D:5      | Reached skill level 5 in Fire Magic
  5129 | D:4      | Noticed a wyvern
  5315 | D:4      | Killed a wyvern
  5315 | D:4      | Reached * piety under Sif Muna
  5443 | D:4      | Killed a yak
  5447 | D:4      | Reached skill level 5 in Spellcasting
  5449 | D:4      | Killed a yak
  5450 | D:4      | Reached XP level 9. HP: 49/54 MP: 8/16
  5495 | D:4      | Reached skill level 5 in Conjurations
  5849 | D:4      | Reached skill level 6 in Fire Magic
  5995 | D:4      | You are sucked into a shaft and drop 3 floors!
  6344 | D:3      | Found a faded altar of an unknown god.
  6567 | D:3      | Found Guraf's Antique Weapon Boutique.
  6882 | D:3      | Noticed Jessica
  6889 | D:3      | Killed Jessica
  7374 | D:6      | Found Caad's Hydra Hut.
  7394 | D:6      | Noticed a six-headed hydra
  7984 | D:7      | Reached ** piety under Sif Muna
  8029 | D:7      | Reached skill level 7 in Fire Magic
  8762 | D:8      | Noticed Maggie
  8770 | D:8      | Reached XP level 10. HP: 60/60 MP: 11/19
  8921 | D:8      | Killed Maggie
  8922 | D:8      | Reached skill level 1 in Hexes
  9829 | D:9      | Reached skill level 8 in Fire Magic
 10522 | D:10     | Entered Level 10 of the Dungeon
 10524 | D:10     | Found Voypserph's Overcharged Wands.
 10539 | D:10     | Noticed a skeletal warrior
 10539 | D:10     | Noticed a skeletal warrior
 10583 | D:10     | Found a white marble altar of Elyvilon.
 10584 | D:10     | Noticed a two-headed ogre
 10982 | D:10     | Learned a level 5 spell: Fireball
 11044 | D:10     | Noticed a skeletal warrior
 11390 | D:10     | Reached XP level 11. HP: 45/65 MP: 13/22
 11536 | D:10     | Noticed a two-headed ogre
 11551 | D:10     | Killed a two-headed ogre
 11843 | D:10     | Found Kemypr Atas's Jewellery Emporium.
 11853 | D:10     | Found a staircase to the Lair.
 11862 | D:10     | Reached skill level 9 in Fire Magic
 11926 | D:10     | Reached *** piety under Sif Muna
 12174 | D:10     | Noticed Fannar
 12181 | D:10     | Killed Fannar
 12181 | D:10     | Killed a skeletal warrior
 12183 | D:10     | Noticed a skeletal warrior
 12191 | D:10     | Mangled by a skeletal warrior

Illustrated notes

Levels and vault maps discovered:
D:1:      minmay_arrival_hallway, layout_loops_ring
D:2:      layout_loops_ring
D:3:      layout_basic, serial_shops, nicolae_shop_crystal,
          shapermc_ecumenical_altar_gd, moated_statue, uniq_jessica
D:4:      minmay_recursive_quarters, layout_basic
D:5:      layout_basic
D:6:      layout_basic, doesnt_shop_hydraphobe
D:7:      layout_gridville, minmay_temple_entry_offerings
D:8:      layout_loops_cross, serial_bayou_ford_a,
          hangedman_abyss_or_decor_passed, uniq_maggie
D:9:      layout_roguey
D:10:     layout_long_grid, lemuel_round_altar, minmay_lair_entry_grove,
          serial_shops, nicolae_shop_statue_plus,
          nicolae_shop_overcharged_wands, uniq_fannar
Temple:   grunt_wide_crystal_templ

Skill      XL: |  1  2  3  4  5  6  7  8  9 10 11 |
---------------+----------------------------------+-----
Stealth        | 3 4 5 6 |  6.5
Spellcasting   | 3 4 5 6 7 8 |  8.5
Conjurations   | 2 3 4 5 7 |  7.9
Short Blades   | 1 3 4 |  4.4
Fire Magic     | 4 5 7 8 9 |  9.5
Fighting       | 1 2 |  2.7
Shields        | 1 2 3 |  3.0
Evocations     | 1 |  1.4
Dodging        | 3 4 |  4.4
Hexes          | 2 3 |  3.6
Unarmed Combat | |  0.1

Action                   |  1- 3 |  4- 6 |  7- 9 | 10-12 || total
-------------------------+-------+-------+-------+-------++-------
Melee: Unarmed           |     4 |       |       |       ||     4
       Constrict         |     9 |     6 |    10 |       ||    25
       Tentacles         |     6 |     5 |    10 |     1 ||    22
       Dagger            |    28 |    28 |    65 |    19 ||   140
 Cast: Foxfire           |    41 |    29 |   179 |    91 ||   340
       Conjure Flame     |       |     2 |     5 |     6 ||    13
       Sticky Flame      |       |       |     4 |    20 ||    24
       Inner Flame       |       |       |     3 |    22 ||    25
       Fireball          |       |       |       |     5 ||     5
Evoke: Wand              |       |     3 |     1 |       ||     4
  Use: Scroll            |     2 |     1 |     7 |     7 ||    17
       Potion            |       |       |     4 |     2 ||     6
 Stab: Sleeping          |     5 |     2 |     8 |     1 ||    16
Armor: Skin              |     2 |     2 |     2 |     2 ||     8
Dodge: Dodged            |    20 |    23 |    44 |    28 ||   115
Block: Other             |     2 |     9 |    23 |    16 ||    50
       Reflection        |     1 |       |     3 |     2 ||     6

Table legend: (Time is in decaauts)
 A = Elapsed time spent in this place.
 B = Non-inter-level travel time spent in this place.
 C = Inter-level travel time spent in this place.
 D = Time resting spent in this place.
 E = Time spent auto-exploring this place.
 F = Levels seen in this place.
 G = Mean time per level.
                   A        B        C        D        E       F      G
               +--------+--------+--------+--------+--------+-----+--------+
         Total |  12188 |  11889 |    299 |   2129 |   6683 |  11 | 1108.0 |
       Dungeon |  12151 |  11865 |    286 |   2129 |   6683 |  10 | 1215.1 |
        Temple |     36 |     23 |     13 |      0 |      0 |   1 |   36.0 |
               +--------+--------+--------+--------+--------+-----+--------+

Top non-repeatable levels by time:
     D:8: 1735 daAuts
    D:10: 1396 daAuts
     D:7: 1248 daAuts
     D:3: 1221 daAuts
     D:4: 1193 daAuts
     D:1: 1190 daAuts
     D:9: 1177 daAuts
     D:6: 1136 daAuts
     D:5: 1035 daAuts
     D:2: 816 daAuts
  Temple: 36 daAuts
